General information
- name: BNet
- type: Ladder team game (AT/RT)
- host: Battle.net
- saver: sc2no.wc4yes
map: GoldRush
- players: 8
- length: 19:14
- speed: Fast
- version: 1.26 W3XP
- replay type: Public
» download(147 KB)
Players
team 1 (winner)
nogainnoloss (
teal | 98 APM | 1890 actions | 19:13)
6 Death Knight
3 Death Coil
3 Unholy Aura
4 Lich
2 Frost Nova
2 Frost Armor
» actions
| Assign group hotkey | 97 | |
| Basic commands | 4 | |
| Build / train | 72 | |
| ESC pressed | 6 | |
| Enter build submenu | 24 | |
| Enter hero's abilities submenu | 10 | |
| Give item / drop item | 3 | |
| Remove unit from queue | 1 | |
| Right click | 840 | |
| Select / deselect | 267 | |
| Select group hotkey | 452 | |
| Use ability | 114 | |
1890 total
» units
| Acolyte | 8 | |
| Ghoul | 10 | |
| Crypt Fiend | 12 | |
| Frost Wyrm | 8 | |
38 total
» upgrades
| Web | 1 | |
| Creature Attack | 2 | |
| Creature Carapace | 1 | |
4 total
» buildings
| Graveyard | 1 | |
| Crypt | 1 | |
| Altar of Darkness | 2 | |
| Ziggurat | 8 | |
| Tomb of Relics | 3 | |
| Nerubian Tower | 4 | |
| Halls of the Dead | 2 | |
| Black Citadel | 1 | |
| Sacrificial Pit | 1 | |
| Necropolis | 3 | |
| Spirit Tower | 3 | |
| Boneyard | 1 | |
30 total
» build order
00:05 Graveyard
00:06 Crypt
00:40 Altar of Darkness
00:43 Altar of Darkness
00:56 Ziggurat
01:26 Tomb of Relics
01:52 Ziggurat
02:31 Nerubian Tower
02:45 Halls of the Dead
02:45 Halls of the Dead
02:55 Nerubian Tower
02:55 Nerubian Tower
03:50 Ziggurat
05:31 Black Citadel
05:38 Ziggurat
05:43 Sacrificial Pit
06:38 Necropolis
06:48 Necropolis
07:29 Spirit Tower
07:30 Spirit Tower
08:31 Boneyard
08:59 Ziggurat
10:08 Nerubian Tower
10:40 Tomb of Relics
10:42 Tomb of Relics
10:51 Necropolis
12:04 Ziggurat
12:05 Ziggurat
12:09 Ziggurat
18:09 Spirit Tower
» items
| Rod of Necromancy | 2 | |
| Orb of Corruption | 2 | |
| Scroll of Town Portal | 2 | |
6 total

»
GLenchErviN (
yellow | 59 APM | 1131 actions | 19:13)
6 Blademaster
3 Wind Walk
2 Critical Strike
1 Bladestorm
» actions
| Assign group hotkey | 26 | |
| Basic commands | 27 | |
| Build / train | 69 | |
| ESC pressed | 1 | |
| Enter build submenu | 18 | |
| Enter hero's abilities submenu | 6 | |
| Right click | 537 | |
| Select / deselect | 215 | |
| Select group hotkey | 180 | |
| Use ability | 52 | |
1131 total
» units
| Peon | 16 | |
| Grunt | 8 | |
| Forest Troll Shadow Priest | 3 | |
| Tauren | 7 | |
| Shaman | 8 | |
| Troll Batrider | 1 | |
43 total
» upgrades
| Melee Weapons | 2 | |
| Berserker Strength | 1 | |
| Shaman Training | 2 | |
| Pillage | 1 | |
| Armor | 1 | |
| Pulverize | 1 | |
8 total
» buildings
| Orc Burrow | 7 | |
| Altar of Storms | 1 | |
| Barracks | 1 | |
| Voodoo Lounge | 1 | |
| War Mill | 1 | |
| Stronghold | 3 | |
| Watch Tower | 1 | |
| Fortress | 1 | |
| Spirit Lodge | 1 | |
| Great Hall | 2 | |
| Tauren Totem | 2 | |
| Beastiary | 1 | |
22 total
» build order
00:12 Orc Burrow
00:30 Altar of Storms
00:39 Barracks
01:33 Orc Burrow
02:19 Voodoo Lounge
02:43 War Mill
04:05 Stronghold
04:05 Stronghold
04:52 Orc Burrow
05:41 Watch Tower
06:31 Fortress
06:57 Spirit Lodge
07:04 Great Hall
08:01 Orc Burrow
09:09 Tauren Totem
09:12 Tauren Totem
11:55 Orc Burrow
13:39 Orc Burrow
14:16 Orc Burrow
16:27 Beastiary
17:52 Great Hall
» items
| Lesser Clarity Potion | 1 | |
| Healing Salve | 1 | |
| Scroll of Town Portal | 1 | |
| Scroll of Protection | 1 | |
| Scroll of Healing | 2 | |
6 total
Icarium (
purple | 52 APM | 1005 actions | 19:13)
4 Death Knight
2 Death Coil
2 Unholy Aura
2 Crypt Lord
1 Carrion Beetles
1 Spiked Carapace
» actions
| Assign group hotkey | 52 | |
| Basic commands | 118 | |
| Build / train | 46 | |
| ESC pressed | 1 | |
| Enter build submenu | 17 | |
| Enter hero's abilities submenu | 6 | |
| Give item / drop item | 4 | |
| Right click | 235 | |
| Select / deselect | 110 | |
| Select group hotkey | 371 | |
| Use ability | 45 | |
1005 total
» units
| Acolyte | 7 | |
| Ghoul | 5 | |
| Crypt Fiend | 6 | |
| Frost Wyrm | 9 | |
27 total
» upgrades
| Creature Attack | 1 | |
| Creature Carapace | 1 | |
| Web | 1 | |
| Freezing Breath | 1 | |
4 total
» buildings
| Crypt | 1 | |
| Ziggurat | 9 | |
| Altar of Darkness | 1 | |
| Graveyard | 1 | |
| Tomb of Relics | 1 | |
| Nerubian Tower | 1 | |
| Halls of the Dead | 1 | |
| Necropolis | 1 | |
| Black Citadel | 1 | |
| Sacrificial Pit | 1 | |
| Boneyard | 4 | |
22 total
» build order
00:13 Crypt
00:14 Ziggurat
00:40 Altar of Darkness
01:00 Graveyard
01:38 Ziggurat
02:11 Tomb of Relics
03:12 Nerubian Tower
04:03 Ziggurat
06:57 Halls of the Dead
08:32 Necropolis
08:32 Ziggurat
08:33 Ziggurat
08:34 Ziggurat
08:56 Ziggurat
08:58 Ziggurat
09:52 Black Citadel
09:55 Sacrificial Pit
12:30 Boneyard
12:31 Boneyard
12:32 Boneyard
12:33 Boneyard
16:19 Ziggurat
» items
| Rod of Necromancy | 1 | |
| Scroll of Town Portal | 1 | |
| Potion of Healing | 2 | |
4 total

»
sc2no.wc4yes (
red | 69 APM | 1334 actions | 19:14)
5 Death Knight
3 Death Coil
2 Unholy Aura
3 Lich
2 Frost Nova
1 Dark Ritual
» actions
| Assign group hotkey | 38 | |
| Basic commands | 13 | |
| Build / train | 75 | |
| Enter build submenu | 22 | |
| Enter hero's abilities submenu | 8 | |
| Give item / drop item | 1 | |
| Remove unit from queue | 1 | |
| Right click | 620 | |
| Select / deselect | 190 | |
| Select group hotkey | 310 | |
| Use ability | 56 | |
1334 total
» units
| Acolyte | 18 | |
| Ghoul | 20 | |
| Frost Wyrm | 4 | |
42 total
» upgrades
| Ghoul Frenzy | 1 | |
| Creature Attack | 2 | |
| Creature Carapace | 2 | |
| Web | 1 | |
| Freezing Breath | 1 | |
7 total
» buildings
| Altar of Darkness | 1 | |
| Ziggurat | 5 | |
| Crypt | 2 | |
| Graveyard | 1 | |
| Necropolis | 4 | |
| Tomb of Relics | 1 | |
| Halls of the Dead | 3 | |
| Black Citadel | 2 | |
| Nerubian Tower | 2 | |
| Sacrificial Pit | 1 | |
| Boneyard | 3 | |
| Spirit Tower | 2 | |
27 total
» build order
00:07 Altar of Darkness
00:09 Ziggurat
00:34 Crypt
01:18 Graveyard
01:25 Ziggurat
01:53 Necropolis
02:41 Ziggurat
02:46 Tomb of Relics
03:19 Halls of the Dead
03:20 Halls of the Dead
05:34 Ziggurat
06:18 Black Citadel
06:26 Nerubian Tower
06:47 Necropolis
06:55 Sacrificial Pit
07:27 Crypt
07:31 Ziggurat
08:33 Nerubian Tower
09:29 Boneyard
10:16 Spirit Tower
11:02 Boneyard
11:03 Boneyard
12:42 Necropolis
15:18 Necropolis
16:49 Spirit Tower
» items
| Rod of Necromancy | 1 | |
| Sacrificial Skull | 1 | |
| Orb of Corruption | 1 | |
| Scroll of Town Portal | 2 | |
| Potion of Healing | 1 | |
| Scroll of Healing | 1 | |
7 total
team 2 (loser)

»
Kneegrowplz (
green | 52 APM | 858 actions | 16:35)
4 Archmage
2 Summon Water Elemental
2 Brilliance Aura
1 Demon Hunter
1 Mana Burn
» actions
| Basic commands | 1 | |
| Build / train | 66 | |
| Enter build submenu | 26 | |
| Enter hero's abilities submenu | 5 | |
| Give item / drop item | 1 | |
| Right click | 411 | |
| Select / deselect | 295 | |
| Use ability | 53 | |
858 total
» units
| Peasant | 21 | |
| Rifleman | 9 | |
| Sorceress | 4 | |
| Priest | 3 | |
| Spell Breaker | 1 | |
| Chimaera | 4 | |
42 total
» upgrades
| Gunpowder | 2 | |
| Armor | 1 | |
| Long Rifles | 1 | |
| Lumber Harvesting | 1 | |
| Corrosive Breath | 1 | |
6 total
» buildings
| Farm | 13 | |
| Blacksmith | 1 | |
| Barracks | 2 | |
| Altar of Kings | 1 | |
| Lumber Mill | 1 | |
| Keep | 1 | |
| Town Hall | 1 | |
| Arcane Vault | 1 | |
| Arcane Sanctum | 2 | |
| Moon Well | 3 | |
| Castle | 1 | |
| Hunter's Hall | 1 | |
28 total
» build order
00:37 Farm
00:58 Blacksmith
01:03 Barracks
01:06 Altar of Kings
01:13 Farm
01:52 Farm
02:37 Lumber Mill
03:52 Keep
03:54 Farm
04:15 Town Hall
05:35 Arcane Vault
05:38 Barracks
06:38 Arcane Sanctum
06:40 Arcane Sanctum
06:43 Farm
07:23 Farm
08:31 Farm
09:34 Farm
10:16 Farm
12:00 Farm
12:39 Moon Well
12:42 Moon Well
12:50 Moon Well
13:03 Farm
13:05 Castle
14:33 Farm
14:57 Hunter's Hall
15:21 Farm
» items
| Boots of Speed | 1 | |
| Circlet of Nobility | 1 | |
| Scroll of Regeneration | 1 | |
| Lesser Clarity Potion | 1 | |
| Scroll of Town Portal | 5 | |
| Potion of Lesser Invulnerability | 1 | |
10 total

»
LoNgBeAch_Qc (
blue | 61 APM | 1175 actions | 19:12)
5 Death Knight
3 Death Coil
2 Unholy Aura
3 Lich
2 Frost Nova
1 Frost Armor
» actions
| Assign group hotkey | 10 | |
| Basic commands | 14 | |
| Build / train | 52 | |
| ESC pressed | 2 | |
| Enter build submenu | 23 | |
| Enter hero's abilities submenu | 8 | |
| Give item / drop item | 3 | |
| Right click | 690 | |
| Select / deselect | 163 | |
| Select group hotkey | 156 | |
| Use ability | 54 | |
1175 total
» units
| Acolyte | 9 | |
| Ghoul | 5 | |
| Crypt Fiend | 6 | |
| Gargoyle | 2 | |
| Frost Wyrm | 3 | |
25 total
» upgrades
| Creature Attack | 2 | |
| Creature Carapace | 2 | |
| Web | 1 | |
| Freezing Breath | 1 | |
6 total
» buildings
| Crypt | 2 | |
| Graveyard | 1 | |
| Ziggurat | 11 | |
| Altar of Darkness | 1 | |
| Tomb of Relics | 1 | |
| Nerubian Tower | 2 | |
| Halls of the Dead | 1 | |
| Spirit Tower | 3 | |
| Black Citadel | 1 | |
| Sacrificial Pit | 1 | |
| Boneyard | 2 | |
| Necropolis | 1 | |
27 total
» build order
00:22 Crypt
00:26 Crypt
00:30 Graveyard
00:40 Ziggurat
01:04 Altar of Darkness
01:23 Ziggurat
01:56 Tomb of Relics
02:22 Nerubian Tower
04:56 Ziggurat
06:18 Ziggurat
06:21 Halls of the Dead
07:16 Spirit Tower
07:18 Spirit Tower
07:25 Ziggurat
08:31 Ziggurat
08:54 Black Citadel
10:01 Sacrificial Pit
10:10 Nerubian Tower
10:12 Spirit Tower
11:17 Boneyard
11:59 Boneyard
14:19 Ziggurat
14:22 Ziggurat
15:15 Ziggurat
17:24 Necropolis
17:35 Ziggurat
17:37 Ziggurat
» items
| Rod of Necromancy | 1 | |
| Potion of Healing | 1 | |
| Lesser Clarity Potion | 1 | |
| Scroll of Town Portal | 1 | |
4 total
Still_Stickin (
pink | 77 APM | 1285 actions | 16:47)
3 Blademaster
2 Critical Strike
1 Wind Walk
3 Shadow Hunter
2 Hex
1 Healing Wave
» actions
| Assign group hotkey | 52 | |
| Basic commands | 66 | |
| Build / train | 81 | |
| ESC pressed | 2 | |
| Enter build submenu | 29 | |
| Enter hero's abilities submenu | 6 | |
| Give item / drop item | 3 | |
| Remove unit from queue | 1 | |
| Right click | 410 | |
| Select / deselect | 271 | |
| Select group hotkey | 292 | |
| Use ability | 72 | |
1285 total
» units
| Peon | 33 | |
| Troll Headhunter/Berserker | 3 | |
| Grunt | 2 | |
| Faerie Dragon | 1 | |
| Wind Rider | 2 | |
| Chimaera | 2 | |
| Wisp | 2 | |
| Kodo Beast | 1 | |
| Troll Batrider | 6 | |
52 total
» upgrades
| Armor | 1 | |
| Ranged Weapons | 1 | |
| Druid of the Talon Training | 1 | |
| Shaman Training | 2 | |
| Envenomed Spears | 1 | |
| War Drums Damage Increase | 1 | |
| Liquid Fire | 1 | |
8 total
» buildings
| Altar of Storms | 1 | |
| Orc Burrow | 5 | |
| War Mill | 1 | |
| Barracks | 2 | |
| Great Hall | 2 | |
| Voodoo Lounge | 1 | |
| Stronghold | 1 | |
| Fortress | 1 | |
| Beastiary | 3 | |
| Spirit Lodge | 2 | |
| Chimaera Roost | 2 | |
| Moon Well | 3 | |
24 total
» build order
00:07 Altar of Storms
00:11 Orc Burrow
01:17 War Mill
01:33 Barracks
02:29 Orc Burrow
02:39 Barracks
03:42 Great Hall
04:00 Voodoo Lounge
05:03 Orc Burrow
05:13 Orc Burrow
06:01 Stronghold
06:13 Orc Burrow
07:54 Great Hall
09:00 Fortress
09:05 Beastiary
09:06 Beastiary
09:10 Spirit Lodge
09:51 Chimaera Roost
09:52 Chimaera Roost
10:43 Beastiary
13:43 Spirit Lodge
14:10 Moon Well
14:11 Moon Well
14:13 Moon Well
» items
| Healing Salve | 1 | |
| Lesser Clarity Potion | 3 | |
| Orb of Lightning | 3 | |
| Scroll of Town Portal | 2 | |
9 total

»
GrimReaper187 (
orange | 44 APM | 419 actions | 09:29)
3 Demon Hunter
2 Immolation
1 Mana Burn
1 Priestess of the Moon
1 Trueshot Aura
» actions
| Basic commands | 12 | |
| Build / train | 47 | |
| Enter build submenu | 13 | |
| Enter hero's abilities submenu | 4 | |
| Give item / drop item | 2 | |
| Right click | 158 | |
| Select / deselect | 143 | |
| Use ability | 40 | |
419 total
» units
| Wisp | 24 | |
| Archer | 7 | |
| Druid of the Talon | 2 | |
33 total
» upgrades
» buildings
| Altar of Elders | 1 | |
| Moon Well | 4 | |
| Ancient of War | 1 | |
| Tree of Life | 2 | |
| Tree of Ages | 3 | |
| Ancient of Wonders | 1 | |
| Tree of Eternity | 1 | |
| Ancient of Wind | 2 | |
| Chimaera Roost | 1 | |
16 total
» build order
00:07 Altar of Elders
00:12 Moon Well
00:28 Moon Well
01:24 Moon Well
01:55 Ancient of War
02:43 Tree of Life
03:34 Moon Well
04:23 Tree of Ages
04:24 Tree of Ages
04:24 Tree of Ages
04:47 Ancient of Wonders
06:31 Tree of Life
06:51 Tree of Eternity
07:09 Ancient of Wind
07:11 Ancient of Wind
09:29 Chimaera Roost
» items
| Dust of Appearance | 1 | |
| Potion of Healing | 1 | |
| Scroll of Town Portal | 1 | |
3 total
Chat log
(00:08 / Allies) GLenchErviN: sup
(00:18 / Allies) Icarium: let's rush
(00:22 / Allies) sc2no.wc4yes: level 4 with 58 wins
(00:24 / Allies) Icarium: fiend with rod
(00:25 / Allies) sc2no.wc4yes: u quit for a while?
(00:53 / Allies) Icarium: rush/
(01:04 / Allies) Icarium: alwyas better to rush
(01:06 / Allies) Icarium: even if hit run
(01:07 / Allies) sc2no.wc4yes: no its not
(01:10 / Allies) Icarium: they waste tps
(01:12 / Allies) Icarium: you have advantage
(01:18 / Allies) GLenchErviN: get expos
(01:22 / Allies) Icarium: otherwise they rush
(01:24 / Allies) Icarium: we tp one at time
(01:25 / Allies) Icarium: and lost
(01:27 / Allies) Icarium: and lose
(01:32 / Allies) Icarium: cuz some idiot teched or is creeping
(01:35 / Allies) Icarium: way tbetter to rush
(01:44 / Allies) sc2no.wc4yes: if all you care about is winning why dont you play solo
(01:57 / Allies) Icarium: didn't realize other point to game then winning
(02:00 / Allies) Icarium: i'll mass aco then
(02:14 / Allies) sc2no.wc4yes: opoint of a GAME is to have fun
(02:16 / Allies) sc2no.wc4yes: were not playing for money here
(02:26 / Allies) Icarium: losing is fun, didn't realize my baed
(02:29 / Allies) sc2no.wc4yes: grinding out 50% wins with RUSH RUSH RUSH DURR RUSH is not my idea of fun
(02:30 / Allies) Icarium: bad
(02:42 / Allies) nogainnoloss: lol
(02:44 / Allies) Icarium: no creeping and teching and losing all the time way more fun
(02:53 / Allies) sc2no.wc4yes: you must only rush half your games
(02:55 / Allies) sc2no.wc4yes: since you lose the other half
(02:56 / Allies) Icarium: look at all the people who lose
(02:58 / Allies) Icarium: and love it
(03:00 / Allies) Icarium: you're right
(03:04 / Allies) Icarium: up is down also
(03:31 / Allies) Icarium: they will rush
(03:34 / Allies) Icarium: we will tp one at time
(03:35 / Allies) Icarium: we will lose
(03:36 / Allies) Icarium: have fun
(04:02 / All) GrimReaper187: how not to play bmer
(04:05 / All) GrimReaper187: example
(04:16 / Allies) Icarium: see it must have been fun dying like that
(04:17 / Allies) sc2no.wc4yes: i love that after 10 yeras the 4v4 rt metagame is "hurry and get units before they do"
(04:26 / Allies) GLenchErviN: i had fun
(04:46 / All) GLenchErviN: you're a badass oj
(04:52 / Allies) Icarium: cuz video games have such interesting metanarratives
(05:01 / All) GrimReaper187: ty
(05:15 / Allies) sc2no.wc4yes: metagame and metanarrative are not synonyms
(05:22 / Allies) sc2no.wc4yes: i guess they look pretty similar to an illiterate guy though
(05:31 / Allies) Icarium: haha
(05:46 / Allies) Icarium: guess i can't appreciate the deeper meaning of this piece of art we're playing right now
(06:02 / Allies) sc2no.wc4yes: you got called out on not knowing what a word means
(06:02 / Allies) sc2no.wc4yes: so u put ur head down
(06:08 / Allies) sc2no.wc4yes: and barrel ahead with your misinterpretation
(06:11 / Allies) Icarium: no i realize that there is no value in knowing those words
(06:13 / Allies) Icarium: lol
(06:29 / Allies) Icarium: teach us master
(06:36 / Allies) Icarium: so that we might have more fun
(07:20 / Allies) Icarium: come teal
(07:40 / Allies) Icarium: don't tp it will ruin metanarrative!
(09:05 / Allies) sc2no.wc4yes: 900 wood pls
(09:13 / Allies) nogainnoloss: 1000 gold please
(09:23 / Allies) Icarium: focus fire main teal
(09:29 / Allies) nogainnoloss: lol
(09:38 / Allies) Icarium: and what hits they are
(10:24 / Allies) Icarium: feel free to help yellow
(10:25 / Allies) Icarium: tf you doing
(10:40 / Allies) GLenchErviN: playing with my dick
(11:04 / Allies) Icarium: 2 expos down
(11:07 / Allies) Icarium: going for theird
(11:10 / Allies) Icarium: rest feel free to help
(11:12 / Allies) nogainnoloss: theird
(11:15 / Allies) nogainnoloss: ?
(11:24 / Allies) Icarium: tyiou're right i shoudl focus more on spelling isntead of winning
(11:26 / Allies) Icarium: more fun!
(11:42 / Allies) nogainnoloss: spelling?
(12:12 / Allies) GLenchErviN: not have web or?
(12:17 / Allies) nogainnoloss: no
(12:23 / Allies) GLenchErviN: healthy
(12:28 / Allies) nogainnoloss: no wood
(12:39 / Allies) GLenchErviN: jesus christ
(12:42 / Allies) Icarium: wodo plz
(12:43 / Allies) nogainnoloss: he killed my ghouls
(12:58 / Allies) GLenchErviN: yeah
(13:00 / Allies) GLenchErviN: once they're dead
(13:02 / Allies) GLenchErviN: they're dead
(13:45 / Allies) Icarium: yel;low!"
(14:04 / Allies) GLenchErviN: THANKS FOR PINGING
(14:12 / Allies) Icarium: you keep not going
(14:18 / Allies) Icarium: so i guess you not paying attention
(14:18 / Allies) sc2no.wc4yes: tp pls
(14:32 / Allies) Icarium: watch back
(14:36 / Allies) Icarium: green comign to you teal yellow
(14:48 / Allies) Icarium: tp to red
(14:53 / Allies) Icarium: if that fun for you
(15:26 / Allies) Icarium: gold plz
(15:29 / Allies) Icarium: i mean wood
(15:55 / Allies) Icarium: back if too many
(15:56 / Allies) Icarium: no suicide
(16:01 / Allies) Icarium: no suicide
(17:34 / Allies) GLenchErviN: rushing was fun
(17:41 / Allies) nogainnoloss: we rushed?
(17:45 / Allies) Icarium: luckily they didn't rush
(17:47 / Allies) Icarium: if they had
(17:49 / Allies) Icarium: they would have won
(18:00 / Allies) GLenchErviN: we rushed em
(18:01 / Allies) nogainnoloss: nah i had towers
(18:02 / Allies) GLenchErviN: bro
(18:06 / Allies) sc2no.wc4yes: you k now wc3 is supposed to be a realtime strategy game
(18:11 / Allies) sc2no.wc4yes: doesnt something seem wrong when you do the same thing every game
(18:21 / All) Icarium: the plato of rts has spoken
(18:59 / All) LoNgBeAch_Qc: lg i own u all with my eyes closed 1 vs 1
(19:05 / All) sc2no.wc4yes: quebec is a shithole
(19:06 / All) LoNgBeAch_Qc: but im not good at 1 vs 4
(19:08 / All) sc2no.wc4yes: third world country